 Dungeon Sprint DCSS version 0.17-a0-1939-ga475588 (webtiles) character file.

61 pipel the Magician (level 4, -9/40 HPs)
             Began as an Octopode Air Elementalist on Sept 29, 2015.
             Mangled by an iguana (10 damage)
             ... in the Dungeon (Sprint IX: "|||||||||||||||||||||||||||||").
             The game lasted 00:00:40 (54 turns).

pipel the Magician (Octopode Air Elementalist)        Turns: 54, Time: 00:00:40

Health: -9/40      AC:  1    Str: 12    XL:     4   Next: 7%
Magic:  2/13       EV: 12    Int: 17    God:
Gold:   0          SH:  0    Dex: 13    Spells: 1 memorised, 16 levels left

rFire  . . .     SeeInvis .     i - +0 dagger
rCold  . . .     Clarity  .     (no shield)
rNeg   . . .     SustAt   .     (helmet restricted)
rPois  .         Gourm    .     (no amulet)
rElec  .         Spirit   .     (no ring)
rCorr  .         Warding  .     (no ring)
rMut   .         NoTele   +     (no ring)
MR     .....                    (no ring)
Stlth  ..........               (no ring)
                                (no ring)
                                (no ring)
                                (no ring)

@: berserking, very quick, not resistant to hostile enchantments, extremely
unstealthy
A: almost no armour, amphibious, 8 rings, constrict 8, camouflage 1, gelatinous
body 1
a: no special abilities


You were in the Dungeon.
You were not hungry.

You visited 1 branch

Inventory:

Hand weapons
 i - a +0 dagger (weapon)
Scrolls
 h - a scroll of blinking
Potions
 c - a potion of curing
 d - a potion of heal wounds
 e - a potion of haste
 f - 2 potions of magic
Books
 a - a book of Air

   Spells                             Type                      Level
   a - Shock                          Conjuration/Air              1
   b - Swiftness                      Charms/Air                   2
   c - Repel Missiles                 Charms/Air                   2
   d - Static Discharge               Conjuration/Air              3
   e - Lightning Bolt                 Conjuration/Air              5
Comestibles
 b - a bread ration


   Skills:
 - Level 2.0 Dodging
 - Level 2.6 Stealth
 + Level 7.2 Spellcasting
 - Level 1.0 Conjurations
 - Level 3.0 Air Magic


You had 16 spell levels left.
You knew the following spells:

 Your Spells              Type           Power        Failure   Level  Hunger
a - Shock                 Conj/Air       ##..         6%          1    None


Dungeon Overview and Level Annotations

Branches:
Dungeon (1/1)

Altars:


Innate Abilities, Weirdness & Mutations

You cannot wear most types of armour.
You are amphibious.
You can wear up to eight rings at the same time.
You can use your tentacles to constrict eight enemies at once.
Your skin changes colour to match your surroundings (Stealth).
Your rubbery body absorbs attacks (AC +1).


Message History

You puncture the crimson imp!
You kill the crimson imp!
Your Spellcasting skill gained 3 levels and is now at level 6!
You have reached level 3!
Your experience leads to an increase in your attributes!
Your base attributes are Str 7, Int 17, Dex 12.
Increase (S)trength, (I)ntelligence, or (D)exterity?
You feel agile.
You puncture the worker ant! Your grab misses the worker ant.
The worker ant is almost dead.
The worker ant misses you.
You closely miss the worker ant. You grab the worker ant.
You squeeze the worker ant.
You kill the worker ant!
Your Spellcasting skill increases to level 7!
You have reached level 4!
You hit the iguana but do no damage. Your grab misses the iguana.
The iguana is heavily wounded.
The iguana bites you!
You die... ▓▓▓▓▓▓▓▓▓▓▓▓▓▓▓▓▓▓▓ ▓<....'.†..@l.....+ ▓▓▓▓▓▓▓▓▓▓▓▓▓▓▓▓▓▓▓

You could see an iguana.

Vanquished Creatures
  A crimson imp (D)
  A worker ant (D)
  A bat (D)
  A giant cockroach (D)
  A jackal (D)
  A goblin (D)
  A kobold (D)
  2 rats (D)
9 creatures vanquished.

Notes
Turn   | Place    | Note
--------------------------------------------------------------
     0 | D        | pipel the Octopode Air Elementalist began the quest for the Orb.
     0 | D        | Reached XP level 1. HP: 11/11 MP: 3/3
    40 | D        | Noticed a crimson imp
    40 | D        | Noticed a worker ant
    40 | D        | Noticed an iguana
    46 | D        | Reached XP level 2. HP: 7/17 MP: 1/6
    49 | D        | HP: 1/25 [crimson imp (3)]
    51 | D        | Killed a crimson imp
    51 | D        | Reached skill level 6 in Spellcasting
    51 | D        | Reached XP level 3. HP: 1/21 MP: 1/10
    53 | D        | Killed a worker ant
    53 | D        | Reached skill level 7 in Spellcasting
    53 | D        | Reached XP level 4. HP: 1/27 MP: 2/13
    54 | D        | Mangled by an iguana

Vault maps used:
D:        linesprint

Action                   |  1- 3 |  4- 6 || total
-------------------------+-------+-------++-------
Melee: Dagger            |     9 |     1 ||    10
 Cast: Shock             |     5 |       ||     5
  Use: Potion            |     1 |       ||     1
